 Dungeon Crawl Stone Soup version 0.21.1-1-g345015f (webtiles) character file.

978 jerryfan the Ducker (level 8, -2/60 HPs)
             Began as a Gnoll Wanderer on May 1, 2018.
             Splashed by a jelly's acid (3 damage)
             ... on level 6 of the Dungeon on May 8, 2018.
             The game lasted 00:30:24 (5317 turns).

jerryfan the Ducker (Gnoll Wanderer)                Turns: 5317, Time: 00:30:25

Health: -2/60      AC: -2    Str: 14    XL:     8   Next: 17%
Magic:  12/12      EV: 15    Int: 17    God:
Gold:   205        SH:  0    Dex: 15    Spells: 13/13 levels left

rFire    . . .     SeeInvis .   J - -1 dagger (curse)
rCold    . . .     Gourm    .   (no shield)
rNeg     . . .     Faith    .   d - +0 robe
rPois    .         Spirit   .   (no helmet)
rElec    .         Reflect  .   w - +2 cloak
rCorr    .         Harm     .   (no gloves)
MR       .....                  (no boots)
Stlth    +++.......             (no amulet)
HPRegen  0.20/turn              (no ring)
MPRegen  0.13/turn              (no ring)

@: corroded, flying, very slightly contaminated
A: distributed training, fangs 1, strong nose
a: no special abilities


You were on level 6 of the Dungeon.
You were hungry.

You visited 1 branch of the dungeon, and saw 6 of its levels.

You collected 205 gold pieces.

Inventory:

Hand Weapons
 a - a +2 quarterstaff
 e - a +0 dagger
 h - a +0 dagger
 j - a -3 trident
 n - a +3 quarterstaff of chaos
 s - a +1 dagger of pain
 x - a +0 mace
 B - a +1 dagger of speed
 D - a +0 shortbow
 E - a +0 trident
 H - a +0 rapier
 J - a cursed -1 dagger (weapon)
Missiles
 m - 51 arrows
 r - 77 sling bullets
 t - 8 curare-tipped needles
 y - 46 bolts
Armour
 d - a +0 robe (worn)
 g - a +0 robe
 q - a +0 shield
 w - a +2 cloak (worn)
 F - a +0 robe
 I - a +0 leather armour
Jewellery
 i - an uncursed amulet of faith
 o - an uncursed ring of ice
 p - a cursed +3 ring of strength
 v - an uncursed amulet of faith
 z - a cursed -3 ring of protection
Scrolls
 u - a scroll of blinking
 C - a scroll of identify
Potions
 b - a potion of lignification
Comestibles
 f - 3 rations


   Skills:
 + Level 4.0 Fighting
 + Level 3.0 Short Blades
 + Level 3.0 Long Blades
 + Level 3.0 Axes
 + Level 3.0 Maces & Flails
 + Level 3.0 Polearms
 + Level 4.0 Staves
 + Level 3.0 Slings
 + Level 3.0 Bows
 + Level 3.0 Crossbows
 + Level 3.0 Throwing
 + Level 3.0 Armour
 + Level 5.5 Dodging
 + Level 5.2 Stealth
 + Level 3.0 Shields
 + Level 3.0 Unarmed Combat
 + Level 3.0 Spellcasting
 + Level 2.4 Conjurations
 + Level 4.5 Hexes
 + Level 2.4 Charms
 + Level 2.4 Summonings
 + Level 3.2 Necromancy
 + Level 2.4 Translocations
 + Level 2.4 Transmutations
 + Level 2.4 Fire Magic
 + Level 2.4 Ice Magic
 + Level 2.4 Air Magic
 + Level 2.4 Earth Magic
 + Level 2.4 Poison Magic
 + Level 3.2 Invocations
 + Level 4.0 Evocations


You had 13 spell levels left.
You didn't know any spells.

Dungeon Overview and Level Annotations

Branches:
Dungeon (6/15)             Temple (0/1) D:5

Altars:
Cheibriados
Dithmenos
Makhleb
Qazlal
Trog
Uskayaw
The Shining One

Annotations:
D:4 ak87's ghost, amateur DgFi
D:5 Prince Ribbit
D:6 Dowan; Duvessa; Edmund; Grinder


Innate Abilities, Weirdness & Mutations

Your experience applies equally to all skills.
You have very sharp teeth.
Your uncanny sense of smell can sniff out nearby items.


Message History

The centaur shoots an arrow.
The arrow hits you!
* * * LOW HITPOINT WARNING * * *
You see here an arrow.
Okay, then.
It was a potion of flight.
You feel very buoyant.
You fly up into the air.
You feel better.
The centaur shoots an arrow.
The arrow hits you!
* * * LOW HITPOINT WARNING * * *
The centaur shoots an arrow.
The arrow completely misses you.
You see here an arrow.
You hit the jelly. The acid corrodes you!
Your hands burn!
* * * LOW HITPOINT WARNING * * *
The jelly is lightly wounded.
The jelly hits you.
* * * LOW HITPOINT WARNING * * *
You are splashed with acid!
The acid burns!
* * * LOW HITPOINT WARNING * * *
You hit the jelly. The acid corrodes you!
Your hands burn!
You die...

## ##### .# ########### ####...#
.# #.........######....#(#
.###..$J..)...(.......##.#
...(.J..(§.../#####...##.#
...#..5....(.## #...##.# ∆
.....####...## #...##.###....#
##..... ..#.#######...##..##....#
###.#.#.###....J@.....###.##..#.#
. .............####...##.)....#.#
###...#.######(@(.#...##..##..#.#
#.....# ####.(........#..#.#
#######..#.#..#.# #......S.<.#
#..###.#.h..# ∆ #......# ##...#.#


You could see a jelly.

Vanquished Creatures
  Eustachio (D:5)
  3 ogres (D:4)
  A centaur (D:5)
  2 bullfrogs (D:6)
  Blork the orc (D:5)
  A scorpion (D:4)
  A jelly (D:5)
  A bullfrog zombie (D:6)
  2 orc wizards (D:4)
  Crazy Yiuf (D:2)
  A worker ant (D:5)
  4 adders
  A shadow imp (D:5)
  A worm (D:2)
  A leopard gecko (D:1)
  3 orcs
  4 giant cockroaches
  6 goblins
  2 hobgoblins
  7 jackals
  5 kobolds
  2 quokkas
  5 bats
  4 frilled lizards
  A leopard gecko skeleton (D:4)
  2 rats
63 creatures vanquished.

Notes
Turn   | Place    | Note
-------+----------+-------------------------------------------
     0 | D:1      | jerryfan the Gnoll Wanderer began the quest for the Orb.
     0 | D:1      | jerryfan set off with: a +2 quarterstaff, a potion of lignification, a potion of curing, a +0 robe, a +0 dagger, a ration
     0 | D:1      | Reached XP level 1. HP: 17/17 MP: 2/2
   111 | D:1      | Reached XP level 2. HP: 19/23 MP: 3/3
   652 | D:2      | Reached XP level 3. HP: 24/28 MP: 4/4
   840 | D:2      | Reached skill level 1 in Invocations
   977 | D:2      | Found a stormy altar of Qazlal.
  1089 | D:2      | Found a runed door.
  1094 | D:2      | Noticed Crazy Yiuf
  1098 | D:2      | Killed Crazy Yiuf
  1098 | D:2      | Reached skill level 1 in Short Blades
  1098 | D:2      | Reached skill level 1 in Long Blades
  1098 | D:2      | Reached skill level 1 in Axes
  1098 | D:2      | Reached skill level 1 in Maces & Flails
  1098 | D:2      | Reached skill level 1 in Polearms
  1098 | D:2      | Reached skill level 1 in Slings
  1098 | D:2      | Reached skill level 1 in Bows
  1098 | D:2      | Reached skill level 1 in Crossbows
  1098 | D:2      | Reached skill level 1 in Throwing
  1098 | D:2      | Reached skill level 1 in Armour
  1098 | D:2      | Reached skill level 1 in Shields
  1098 | D:2      | Reached skill level 1 in Unarmed Combat
  1098 | D:2      | Reached skill level 1 in Spellcasting
  1098 | D:2      | Reached XP level 4. HP: 6/34 MP: 4/6
  1699 | D:3      | Found a snail-covered altar of Cheibriados.
  1915 | D:4      | Found a glowing golden altar of the Shining One.
  1925 | D:4      | Reached skill level 1 in Conjurations
  1925 | D:4      | Reached skill level 1 in Charms
  1925 | D:4      | Reached skill level 1 in Summonings
  1925 | D:4      | Reached skill level 1 in Translocations
  1925 | D:4      | Reached skill level 1 in Transmutations
  1925 | D:4      | Reached skill level 1 in Fire Magic
  1925 | D:4      | Reached skill level 1 in Ice Magic
  1925 | D:4      | Reached skill level 1 in Air Magic
  1925 | D:4      | Reached skill level 1 in Earth Magic
  1925 | D:4      | Reached skill level 1 in Poison Magic
  1933 | D:4      | Reached XP level 5. HP: 40/40 MP: 7/7
  1934 | D:4      | Noticed an ogre
  2034 | D:4      | Found a shadowy altar of Dithmenos.
  2143 | D:4      | Noticed an ogre
  2143 | D:4      | Noticed an ogre
  2182 | D:4      | Killed an ogre
  2182 | D:4      | Reached XP level 6. HP: 47/47 MP: 8/8
  2185 | D:4      | Reached skill level 5 in Dodging
  2219 | D:4      | Reached XP level 7. HP: 7/52 MP: 10/10
  2545 | D:4      | Found a bloodstained altar of Trog.
  2962 | D:4      | Noticed ak87's ghost (amateur DgFi)
  2991 | D:5      | Entered Level 5 of the Dungeon
  3036 | D:5      | Noticed Blork the orc
  3051 | D:5      | Killed Blork the orc
  3723 | D:5      | Found a burning altar of Makhleb.
  3723 | D:5      | Noticed Prince Ribbit
  3871 | D:5      | Noticed Eustachio
  3887 | D:5      | Killed Eustachio
  3887 | D:5      | Reached skill level 5 in Stealth
  3897 | D:5      | Noticed Edmund
  4512 | D:5      | Found a staircase to the Ecumenical Temple.
  4553 | D:6      | Noticed Grinder
  4567 | D:6      | Reached XP level 8. HP: 54/60 MP: 12/12
  4917 | D:6      | Noticed a hand axe
  4918 | D:6      | Noticed a dagger
  4919 | D:6      | Found a hide-covered altar of Uskayaw.
  5269 | D:6      | Noticed Duvessa
  5272 | D:6      | Noticed Dowan
  5316 | D:6      | HP: 1/60 [acid (5)]
  5317 | D:6      | Splashed by a jelly's acid

Skill      XL: |  1  2  3  4  5  6  7  8 |
---------------+-------------------------+-----
Necromancy     | 2 3 |  3.2
Invocations    | 1 2 3 |  3.2
Short Blades   | 1 2 3 |  3.0
Long Blades    | 1 2 3 |  3.0
Axes           | 1 2 3 |  3.0
Maces & Flails | 1 2 3 |  3.0
Polearms       | 1 2 3 |  3.0
Slings         | 1 2 3 |  3.0
Bows           | 1 2 3 |  3.0
Crossbows      | 1 2 3 |  3.0
Throwing       | 1 2 3 |  3.0
Armour         | 1 2 3 |  3.0
Shields        | 1 2 3 |  3.0
Unarmed Combat | 1 2 3 |  3.0
Spellcasting   | 1 2 3 |  3.0
Conjurations   | 1 2 |  2.4
Charms         | 1 2 |  2.4
Summonings     | 1 2 |  2.4
Translocations | 1 2 |  2.4
Transmutations | 1 2 |  2.4
Fire Magic     | 1 2 |  2.4
Ice Magic      | 1 2 |  2.4
Air Magic      | 1 2 |  2.4
Earth Magic    | 1 2 |  2.4
Poison Magic   | 1 2 |  2.4
Fighting       | 3 4 |  4.0
Staves         | 3 4 |  4.0
Hexes          | 4 |  4.5
Evocations     | 3 4 |  4.0
Dodging        | 5 |  5.5
Stealth        | 5 |  5.2

Action                   |  1- 3 |  4- 6 |  7- 9 || total
-------------------------+-------+-------+-------++-------
Melee: Quarterstaff      |    57 |    46 |    34 ||   137
       Bite              |     3 |     4 |    14 ||    21
       Dagger            |       |       |   111 ||   111
       Punch             |       |       |     2 ||     2
Throw: Tomahawk          |    14 |    10 |    22 ||    46
  Use: Scroll            |     3 |     2 |    14 ||    19
       Potion            |     2 |     3 |     6 ||    11
 Stab: Sleeping          |       |     3 |       ||     3
       Invisible         |       |     1 |       ||     1
  Eat: Chunk             |     1 |     3 |     2 ||     6
       Ration            |       |       |     2 ||     2
Armor: Robe              |    11 |     9 |    35 ||    55
       Skin              |       |       |    14 ||    14
Dodge: Dodged            |    56 |    53 |   148 ||   257
